 Dungeon Crawl Stone Soup version 0.32-a0-42-ga30500b4d3 (webtiles) character file.

Game seed: 5474003324030383828

1525 Ceno the Covert (level 8, -5/76 HPs)
             Began as a Naga Alchemist on Feb 1, 2024.
             Slain by a water moccasin (6 damage)
             ... on level 6 of the Dungeon on Feb 2, 2024.
             The game lasted 00:28:14 (5955 turns).

Ceno the Covert (Naga Alchemist)                    Turns: 5955, Time: 00:28:15

Health: -5/76      AC:  6    Str: 11    XL:     8   Next: 84%
Magic:  0/14       EV: 10    Int: 17    God:
Gold:   389        SH:  0    Dex: 12    Spells: 5/15 levels left

rFire   + . .        A - +3 whip (elec)
rCold   . . .        (no shield)
rNeg    + . .        a - +0 robe
rPois   +            h - +0 helmet
rElec   .            q - +0 cloak
rCorr   .            f - +0 pair of gloves
SInv    +            (no barding)
Will    +....        c - amulet of guardian spirit
Stlth   ++++         l - ring of protection from fire
HPRegen 0.32/turn    m - ring of positive energy
MPRegen 0.14/turn

%: guardian spirit
@: very slow
A: AC +2, large, see invisible, deformed body, poison resistance, slowness 2,
spit poison 1, naga tail 1
a: Spit Poison


You were on level 6 of the Dungeon.
You visited 1 branch of the dungeon, and saw 6 of its levels.

You collected 389 gold pieces.

Inventory:

Hand Weapons
 g - a +2 dagger of venom
 n - the +6 long sword "Saopn" {freeze, +Blink rC+++ Str-4 Dex+2}
   (You found it on level 3 of the Dungeon)

   Str-4:     It affects your strength (-4).
   Dex+2:     It affects your dexterity (+2).
   rC+++:     It renders you almost immune to cold.
   +Blink:    It lets you blink.
 A - a +3 whip of electrocution (weapon)
 F - a +2 morningstar
Missiles
 j - 63 stones (quivered)
 z - 5 poisoned darts
Armour
 a - a +0 robe (worn)
 f - a +0 pair of gloves (worn)
 h - a +0 helmet (worn)
 q - a +0 cloak (worn)
 s - a +0 ring mail
 E - a +0 kite shield
Jewellery
 c - an amulet of guardian spirit (around neck)
 l - a ring of protection from fire (left hand)
 m - a ring of positive energy (right hand)
Wands
 o - a wand of digging (8)
 r - a wand of paralysis (8)
 y - a wand of iceblast (14)
 C - a wand of polymorph (9)
Scrolls
 d - a scroll of immolation
 e - 3 scrolls of teleportation
 i - a scroll of enchant weapon
 k - a scroll of enchant armour {unknown}
 u - a scroll of revelation {unknown}
 w - 2 scrolls of fear {unknown}
Potions
 b - 3 potions of magic
 p - 3 potions of mutation
 t - a potion of enlightenment {unknown}
 v - a potion of lignification {unknown}
 x - 2 potions of curing
 B - a potion of berserk rage {unknown}
 D - 2 potions of haste {unknown}


   Skills:
 + Level 6.1 Fighting
 * Level 2.6 Maces & Flails
 + Level 1.3 Armour
 - Level 1.5 Dodging
 - Level 8.0 Stealth
 - Level 4.0 Spellcasting
 - Level 3.0 Conjurations
 - Level 6.0 Alchemy


You had 5 spell levels left.
You knew the following spells:

 Your Spells              Type           Power      Damage    Failure   Level
a - Sting                 Conj/Alch      72%        1d7       2%          1
b - Mercury Vapours       Alch/Air       26%        N/A       7%          2
c - Mephitic Cloud        Conj/Alch/Air  13%        N/A       14%         3
d - Olgreb's Toxic Radia  Alch           23%        N/A       13%         4

Your spell library contained the following spells:

 Spells                   Type           Power      Damage    Failure   Level
 Magic Dart               Conj           52%        1d5       4%          1
 Momentum Strike          Conj/Tloc      16%        3d8       13%         2
 Blink                    Tloc           6%         N/A       24%         2
 Call Imp                 Summ           6%         N/A       24%         2
 Ensorcelled Hibernation  Hex/Ice        6%         N/A       24%         2
 Lesser Beckoning         Tloc           6%         N/A       24%         2
 Sublimation of Blood     Necr           3%         N/A       24%         2
 Hailstorm                Conj/Ice       8%         3d5       26%         3
 Sticky Flame             Fire/Alch      13%        2d5       41%         4
 Gell's Gravitas          Tloc           3%         N/A       43%         3
 Inner Flame              Hex/Fire       3%         N/A       43%         3
 Passwall                 Erth           3%         N/A       43%         3
 Summon Ice Beast         Ice/Summ       3%         N/A       43%         3
 Swiftness                Air            3%         N/A       43%         3
 Teleport Other           Tloc           3%         N/A       43%         3
 Irradiate                Conj/Alch      9%         3d14      56%         5
 Summon Blazeheart Golem  Fire/Summ      3%         N/A       83%         4
 Sculpt Simulacrum        Ice/Alch       6%         N/A       100%        6
 Orb of Destruction       Conj           6%         9d6       100%        7
 Spellforged Servitor     Conj/Summ      4%         N/A       100%        7
 Summon Hydra             Summ           1%         N/A       100%        7
 Ignition                 Fire           1%         3d3       100%        8


Dungeon Overview and Level Annotations

Branches:
Dungeon (6/15)
 Temple: D:4-7

Altars:
Elyvilon
Qazlal
Trog
Xom
Zin
The Shining One

Shops:
D:5 ***

Annotations:
D:3 Sigmund, Terence
D:5 2 runed translucent doors


Innate Abilities, Weirdness & Mutations

Your serpentine skin is tough. (AC +2)
You have supernaturally acute eyesight. (SInv)
Armour fits poorly on your strangely shaped body.
Your system is resistant to poisons. (rPois)
You cover ground very slowly.
You can spit poison.
You have a snake-like lower body.


Message History

You feel sick.
You are no longer poisoned.
The bullfrog attacks as it pursues you! The bullfrog hits you.
* * * LOW HITPOINT WARNING * * *
The hound misses you. The bullfrog barely misses you.
The sky beast flickers out of sight for a moment.
The bullfrog hits you but does no damage.
The hound bites you.
* * * LOW HITPOINT WARNING * * *
The bullfrog hits you.
* * * LOW HITPOINT WARNING * * *
The water moccasin attacks as it pursues you!
The water moccasin bites you.
* * * LOW HITPOINT WARNING * * *
The bullfrog hits you.
* * * LOW HITPOINT WARNING * * *
The bullfrog hits you but does no damage.
The water moccasin bites you.
* * * LOW HITPOINT WARNING * * *
The bullfrog hits you.
* * * LOW HITPOINT WARNING * * *
The bullfrog barely misses you. The bullfrog closely misses you.
You feel better. The water moccasin barely misses you. The bullfrog hits you.
* * * LOW HITPOINT WARNING * * *
The bullfrog hits you.
* * * LOW HITPOINT WARNING * * *
The bullfrog hits you.
* * * LOW HITPOINT WARNING * * *
The water moccasin bites you but does no damage.
The bullfrog hits you.
* * * LOW HITPOINT WARNING * * *
The bullfrog hits you but does no damage.
The bullfrog attacks as it pursues you! The bullfrog barely misses you.
The water moccasin attacks as it pursues you!
The water moccasin closely misses you. The bullfrog hits you.
* * * LOW HITPOINT WARNING * * *
The bullfrog hits you.
* * * LOW HITPOINT WARNING * * *
The water moccasin bites you.
You die...

. #.#### ##..... ..###..##.##
...........##+###
...#...#......hS##### .##
#...#...#.....SF@)..# ...
!#...#...#....YF###.#...#
#...#..)#......F# #.#.#.#########
...#...#........# #.. #.#........
...Y............# #.###.#.#######
.#...#...#......###.###.#.##....#
#...#...#.......##...†..#'##.#...
?..#...#........##.####....#.####
#...#...#.......##[# #....#.....


You could see a water moccasin, a sky beast (invisible), 3 bullfrogs, a hound
and an adder.

Vanquished Creatures
  Grinder (D:5)
  Eustachio (D:5)
  A water moccasin (D:6)
  A black bear (D:6)
  An ice beast (D:5)
  An ogre (D:5)
  A phantom (D:6)
  2 scorpions
  2 wights (D:6)
  3 jellies
  A hound (D:5)
  An orc priest (D:4)
  An iguana (D:5)
  2 sleepcaps
  6 orc wizards
  7 adders
  A dart slug (D:1)
  4 ribbon worms
  10 orcs
  6 ball pythons
  8 endoplasms
  2 giant cockroaches
  11 goblins
  3 hobgoblins
  5 quokkas
  4 bats
  5 frilled lizards
  17 kobolds
  3 rats
111 creatures vanquished.

Notes
Turn   | Place    | Note
-------+----------+-------------------------------------------
     0 | D:1      | Ceno the Naga Alchemist began the quest for the Orb.
     0 | D:1      | Reached XP level 1. HP: 15/15 MP: 3/3
   231 | D:1      | Reached XP level 2. HP: 24/24 MP: 5/5
   317 | D:1      | Learned a level 2 spell: Mercury Vapours
   625 | D:1      | Reached skill level 1 in Fighting
   930 | D:2      | Reached XP level 3. HP: 31/31 MP: 4/6
   964 | D:2      | Identified the +4 dagger "Kaurhol" {drain, *Corrode rElec
                  | Will+ Str+6}
  1170 | D:2      | Reached skill level 4 in Stealth
  1397 | D:2      | Reached XP level 4. HP: 37/37 MP: 1/7
  1525 | D:2      | Reached skill level 5 in Alchemy
  1980 | D:2      | Found a faded altar of an unknown god.
  2168 | D:3      | Identified the +6 long sword "Saopn" {freeze, +Blink rC+++
                  | Str-4 Dex+2}
  2178 | D:3      | Noticed Sigmund
  2500 | D:3      | Found a white marble altar of Elyvilon.
  2667 | D:3      | Noticed Terence
  3092 | D:4      | Reached XP level 5. HP: 43/45 MP: 4/8
  3146 | D:4      | Reached skill level 5 in Stealth
  3294 | D:4      | Reached XP level 6. HP: 40/55 MP: 7/9
  3867 | D:4      | Reached skill level 6 in Stealth
  4169 | D:5      | Entered Level 5 of the Dungeon
  4182 | D:5      | Noticed Grinder
  4212 | D:5      | Found Awec Veo's Assorted Antiques.
  4218 | D:5      | Found Ituoloxa's Assorted Antiques.
  4219 | D:5      | Found Joexi's General Store.
  4263 | D:5      | Reached XP level 7. HP: 46/62 MP: 8/11
  4525 | D:5      | Noticed Eustachio
  4542 | D:5      | Killed Eustachio
  4543 | D:5      | Reached skill level 7 in Stealth
  4777 | D:5      | Found a large runed translucent door.
  4777 | D:5      | Found a large runed translucent door.
  4780 | D:5      | Found a shimmering altar of Xom.
  4895 | D:5      | Reached skill level 8 in Stealth
  4895 | D:5      | Reached XP level 8. HP: 53/73 MP: 3/14
  4899 | D:5      | Learned a level 3 spell: Mephitic Cloud
  4904 | D:5      | Learned a level 4 spell: Olgreb's Toxic Radiance
  4971 | D:5      | Found a bloodstained altar of Trog.
  5052 | D:5      | Found a stormy altar of Qazlal.
  5053 | D:5      | Found a glowing golden altar of the Shining One.
  5199 | D:5      | Killed Grinder
  5200 | D:5      | Reached skill level 5 in Fighting
  5294 | D:5      | Found a glowing silver altar of Zin.
  5673 | D:6      | Reached skill level 1 in Maces & Flails
  5832 | D:6      | Reached skill level 1 in Armour
  5953 | D:6      | HP: 3/76 [bullfrog (3)]
  5955 | D:6      | HP: 1/76 [bullfrog (2)]
  5955 | D:6      | Slain by a water moccasin

Illustrated notes

Levels and vault maps discovered:
D:1:      spicycebolla_green_bress_n_ham, layout_rooms, lexackson_kobold_supper
D:2:      kennysheep_the_goblin_king, layout_loops_ring,
          shapermc_ecumenical_altar_flowoftime
D:3:      layout_loops_cross, mainiacjoe_overflow_small_starburst, uniq_terence,
          uniq_sigmund
D:4:      layout_gridville, hangedman_decor_opposing
D:5:      due_chaos_kobolds, layout_basic, nicolae_overflow_hidden_temple,
          dk_noncrumbling_2, nicolae_shop_distant_corner_stores, uniq_grinder,
          uniq_eustachio
D:6:      cheibrodos_fzero, layout_basic, minmay_temple_entry_statues_fountains,
          serial_shops, nicolae_shop_waterfront, minmay_three_doors

Skill      XL: |  1  2  3  4  5  6  7  8 |
---------------+-------------------------+-----
Alchemy        | 4 5 6 |  6.0
Fighting       | 1 2 3 4 6 |  6.1
Stealth        | 4 5 6 8 |  8.0
Spellcasting   | 4 |  4.0
Conjurations   | 3 |  3.0
Maces & Flails | 2 |  2.6
Armour         | 1 |  1.3
Dodging        | |  1.5

Action                     |  1- 3 |  4- 6 |  7- 9 || total
---------------------------+-------+-------+-------++-------
  Melee: Whip              |    22 |     8 |    88 ||   118
         Dagger            |    39 |   108 |       ||   147
         Punch             |       |       |     1 ||     1
  Throw: Stone             |       |     2 |     3 ||     5
   Cast: Sting             |    33 |    30 |    22 ||    85
         Mercury Vapours   |    13 |    28 |    21 ||    62
Ability: Spit Poison       |    12 |    16 |     8 ||    36
    Use: Scroll            |     1 |     4 |       ||     5
         Potion            |       |       |     1 ||     1
   Stab: Sleeping          |       |     8 |     1 ||     9
         Distracted        |       |       |     1 ||     1
 Armour: Robe              |    61 |    54 |    99 ||   214
  Dodge: Dodged            |    34 |    47 |    63 ||   144

Table legend: (Time is in decaauts)
 A = Elapsed time spent in this place.
 B = Non-inter-level travel time spent in this place.
 C = Inter-level travel time spent in this place.
 D = Time resting spent in this place.
 E = Time spent auto-exploring this place.
 F = Levels seen in this place.
 G = Mean time per level.
                   A        B        C        D        E       F      G
               +--------+--------+--------+--------+--------+-----+--------+
         Total |   7357 |   7208 |    149 |   1464 |   3321 |   6 | 1226.2 |
       Dungeon |   7357 |   7208 |    149 |   1464 |   3321 |   6 | 1226.2 |
               +--------+--------+--------+--------+--------+-----+--------+

Top non-repeatable levels by time:
     D:5: 1804 daAuts
     D:2: 1421 daAuts
     D:4: 1337 daAuts
     D:3: 1249 daAuts
     D:1: 1156 daAuts
     D:6: 388 daAuts
